 Dungeon Crawl Stone Soup version 0.21.1-1-g345015f (webtiles) character file.

26247 LairdRich the Severer (level 12, 0/117 HPs)
             Began as a Minotaur Berserker on June 24, 2018.
             Was a High Priest of Trog.
             Slain by a hell rat (5 damage)
             ... on level 4 of the Lair of Beasts.
             The game lasted 01:00:57 (20534 turns).

LairdRich the Severer (Minotaur Berserker)         Turns: 20534, Time: 01:00:58

Health: 0/117      AC: 18    Str: 24    XL:     12   Next: 96%
Magic:  0/11       EV:  6    Int:  4    God:    Trog [*****.]
Gold:   890        SH:  8    Dex: 13    Spells: 11/11 levels left

rFire    + . .     SeeInvis .   a - +0 war axe
rCold    . . .     Gourm    .   X - +0 shield
rNeg     . . .     Faith    .   A - +0 chain mail {rPois}
rPois    +         Spirit   +   (helmet restricted)
rElec    .         Reflect  .   j - +1 cloak
rCorr    .         Harm     .   N - +0 pair of gloves
MR       .....                  O - +0 pair of boots (curse)
Stlth    ..........             f - amulet of guardian spirit
HPRegen  0.29/turn              r - ring of protection from fire
MPRegen  0.12/turn              t - ring of stealth

@: drained
A: retaliatory headbutt, horns 2
a: Berserk, Trog's Hand, Brothers in Arms, Burn Spellbooks, Renounce Religion


You were on level 4 of the Lair of Beasts.
You worshipped Trog.
Trog was extremely pleased with you.
You were not hungry.

You visited 2 branches of the dungeon, and saw 16 of its levels.

You collected 890 gold pieces.

Inventory:

Hand Weapons
 a - a +0 war axe (weapon)
 b - a +1 hunting sling
 c - a +2 falchion of electrocution
 H - the +5 executioner's axe "Lulek" {drain, *Corrode rPois rC++}
   (Trog gifted it to you on level 3 of the Lair of Beasts)

   A truly terrible weapon, it drains the life of those it strikes.
   It greatly protects you from cold.
   It protects you from poison.
   It may corrode you when you take damage.
Missiles
 y - 84 sling bullets
Armour
 j - a +1 cloak (worn)
 q - a +2 chain mail of positive energy
 A - a +0 chain mail of poison resistance (worn)
 N - a +0 pair of gloves (worn)
 O - a cursed +0 pair of boots (worn)
 X - a +0 shield (worn)
Jewellery
 f - an amulet of guardian spirit (around neck)
 r - a ring of protection from fire (left hand)
 t - a ring of stealth (right hand)
 K - an uncursed ring of protection from fire
 R - an uncursed ring of ice
Wands
 m - a wand of scattershot (1)
 n - a wand of random effects (16)
 F - a wand of polymorph (15)
 L - a wand of iceblast (22)
 S - a wand of acid (12)
 V - a wand of flame (24)
Scrolls
 d - 2 scrolls of immolation
 g - 8 scrolls of teleportation
 s - 2 scrolls of fog
 w - 5 scrolls of magic mapping
 x - 4 scrolls of identify
 B - 9 scrolls of remove curse
 C - 2 scrolls of amnesia
 G - 5 scrolls of enchant armour
 I - a scroll of enchant weapon
 M - a scroll of random uselessness
 P - a scroll of vulnerability
 U - a scroll of fear
Potions
 h - 2 potions of agility
 i - a potion of degeneration
 k - 2 potions of invisibility
 l - 2 potions of might {unknown}
 o - a potion of flight {unknown}
 p - 2 potions of ambrosia {unknown}
 u - a potion of resistance
 v - 4 potions of curing
 D - 2 potions of mutation {unknown}
 E - 5 potions of brilliance {unknown}
 T - a potion of cancellation {unknown}
Books
 Q - a book of Cantrips

   Spells                             Type                      Level
   a - Confusing Touch                Hexes                        1
   b - Animate Skeleton               Necromancy                   1
   c - Summon Small Mammal            Summoning                    1
   d - Apportation                    Translocation                1
   Trog disapproves of the use of such an item.
Miscellaneous
 z - a phantom mirror
 J - a sack of spiders
Comestibles
 e - 27 rations


   Skills:
 + Level 14.3(12.8) Fighting
 + Level 16.0(14.5) Axes
 + Level 14.1(12.7) Armour
 - Level 2.1(1.1) Dodging
 * Level 1.7(0.7) Shields


You had 11 spell levels left.
You didn't know any spells.

Dungeon Overview and Level Annotations

Branches:
Dungeon (12/15)            Temple (0/1) D:4            Lair (4/6) D:9
  Swamp (0/4) Lair:3       Spider (0/4) Lair:2          Orc (0/2) D:12

Altars:
Dithmenos
Hepliaklqana
Ru
Trog

Annotations:
D:10 3 exclusions
Lair:1 exclusion: oklob plant


Innate Abilities, Weirdness & Mutations

You reflexively headbutt those who attack you in melee.
You have a pair of horns on your head.


Message History

The hell rat twitches its whiskers.
You block the hell rat's attack. x2
You see here a hell rat corpse.
Your chain mail prevents you from hitting the komodo dragon.
Your headbutt misses the komodo dragon. You hit the hell rat.
You hit the hell rat but do no damage. You completely miss the hell rat.
You slash the dream sheep! The hell rat completely misses you.
The komodo dragon bites you! The hell rat bites you.
* * * LOW HITPOINT WARNING * * *
You feel drained.
* * * LOW HITPOINT WARNING * * *
You block the hell rat's attack.
The dream sheep shake their wool and sparkle.
You feel drowsy...
You fall asleep.
The hell rat bites you!!
You wake up.
* * * LOW HITPOINT WARNING * * *
The komodo dragon bites you.
* * * LOW HITPOINT WARNING * * *
The hell rat barely misses you. The hell rat bites you.
You die...

##........#..#####..
.......#.....# .#.#
....#.#..... #...
#...#...#..####...
#.#.##.#.#.#......
##...##.#.P........ #
#..P............... #P
#..r##.##.#.##P.##.
###.##r@r#######.#####..
......YlY..# #.# #P.
P..#.#Yr.#.# P.. ##.. #
##..Y.#.# #.# #...
...(...(?# # #........
.......#... ...#.....
.......#..... .......#.
...........#.# ..#.#..#
........#... # ...###.


You could see a komodo dragon, 4 dream sheep, 3 hell rats and a porcupine.

Vanquished Creatures
  Fannar (Lair:2)
  The ghost of lotte the Fighter, a novice DDBe of Trog (D:8)
  3 two-headed ogres
  Sonja (Lair:2)
  A swamp dragon (Lair:3)
  6 elephants
  A cyclops (D:11)
  A black mamba (Lair:4)
  A gargoyle (D:11)
  6 spiny frogs
  2 rime drakes (Lair:3)
  8 komodo dragons
  A queen bee (Lair:3)
  4 polar bears (D:10)
  2 hornets
  Prince Ribbit (D:7)
  3 hippogriffs
  A vampire (D:10)
  14 yaks
  3 wyverns
  A human (D:7)
  The ghost of TotesWizzard the Chopper, an amateur DDFi (D:4)
  3 hogs (D:7)
  2 hungry ghosts
  2 basilisks (Lair:1)
  7 water moccasins
  7 ice beasts
  5 porcupines
  4 orc warriors
  2 sky beasts
  3 phantoms
  3 black bears
  3 wolves
  6 ogres
  2 centaurs
  3 big kobolds
  7 crocodiles
  18 bullfrogs
  A scorpion (D:5)
  23 killer bees (Lair:3)
  2 electric eels
  2 howler monkeys (D:9)
  A bullfrog zombie (D:5)
  4 crimson imps
  A wyvern simulacrum (D:10)
  2 quasits
  4 hounds
  2 jellies (D:5)
  8 orc priests
  A centaur skeleton (D:5)
  3 bullfrog skeletons
  Crazy Yiuf (D:5)
  Terence (D:2)
  9 iguanas
  6 orc wizards
  2 hell rats (Lair:4)
  6 worker ants
  A killer bee zombie (D:10)
  2 centaur simulacra (D:10)
  2 hound skeletons
  2 worker ant zombies
  Robin (D:3)
  4 gnolls
  14 adders
  2 shadow imps
  A white imp (D:10)
  A worker ant simulacrum (D:10)
  2 ufetubi (D:10)
  An ooze (D:4)
  2 adder skeletons (D:6)
  4 worms
  A dart slug (D:2)
  4 leopard geckos
  25 orcs
  5 bats
  8 giant cockroaches
  20 goblins
  7 hobgoblins
  12 jackals
  20 kobolds
  8 quokkas
  A ball python (D:1)
  7 frilled lizards
  A jackal skeleton (D:6)
  A jackal zombie (D:5)
  2 quokka zombies
  5 rats
  A fungus (Lair:4)
  3 plants (Lair:1)
389 creatures vanquished.

Vanquished Creatures (others)
  A killer bee (Lair:3)
  An iguana (Lair:3)
  A white imp (D:10)
  A bush (Lair:4)
  16 fungi
  7 plants
27 creatures vanquished.

Grand Total: 416 creatures vanquished

Notes
Turn   | Place    | Note
-------+----------+-------------------------------------------
     0 | D:1      | LairdRich the Minotaur Berserker began the quest for the Orb.
     0 | D:1      | Reached XP level 1. HP: 19/19 MP: 0/0
   218 | D:1      | Reached XP level 2. HP: 27/27 MP: 1/1
   360 | D:1      | Reached skill level 4 in Axes
   754 | D:1      | Reached XP level 3. HP: 32/33 MP: 2/2
  1040 | D:2      | Reached ** piety under Trog
  1333 | D:2      | Noticed Terence
  1346 | D:2      | Killed Terence
  1346 | D:2      | Reached XP level 4. HP: 41/41 MP: 3/3
  1811 | D:2      | Found a shadowy altar of Dithmenos.
  1811 | D:2      | Found a hazy altar of Hepliaklqana.
  1816 | D:2      | Found a faded altar of an unknown god.
  1821 | D:2      | Found a bloodstained altar of Trog.
  1822 | D:2      | Found a faded altar of an unknown god.
  2297 | D:3      | Reached skill level 5 in Axes
  2297 | D:3      | Reached XP level 5. HP: 43/47 MP: 4/4
  2300 | D:3      | Reached skill level 5 in Fighting
  2444 | D:3      | Noticed Robin
  2450 | D:3      | Killed Robin
  2483 | D:3      | Reached *** piety under Trog
  3286 | D:4      | Reached XP level 6. HP: 43/56 MP: 5/5
  3427 | D:4      | Reached skill level 5 in Armour
  3800 | D:4      | Noticed TotesWizzard's ghost (amateur DDFi)
  3812 | D:4      | Killed TotesWizzard's ghost
  3812 | D:4      | Reached skill level 6 in Axes
  3993 | D:4      | Found a staircase to the Ecumenical Temple.
  4267 | D:5      | Entered Level 5 of the Dungeon
  4276 | D:5      | Reached XP level 7. HP: 63/63 MP: 6/6
  4524 | D:5      | Reached skill level 7 in Axes
  4676 | D:5      | Reached **** piety under Trog
  4676 | D:5      | Reached XP level 8. HP: 73/73 MP: 7/7
  5079 | D:5      | Found a runed door.
  5287 | D:5      | Noticed Crazy Yiuf
  5296 | D:5      | Killed Crazy Yiuf
  5672 | D:6      | Reached skill level 8 in Axes
  5788 | D:6      | Got a crude chain mail
  5800 | D:6      | Identified the +7 chain mail of Satisfaction {*Drain rElec MR++ MP+9} (You found it on level 6 of the Dungeon)
  6149 | D:7      | Noticed Prince Ribbit
  6311 | D:7      | Killed Prince Ribbit
  6762 | D:7      | Reached XP level 9. HP: 54/82 MP: 8/8
  7043 | D:7      | Reached skill level 9 in Axes
  7471 | D:7      | Reached ***** piety under Trog
  7643 | D:7      | Reached skill level 10 in Fighting
  7778 | D:7      | Reached skill level 10 in Axes
  7786 | D:7      | Received a gift from Trog
  7962 | D:7      | Found a sacrificial altar of Ru.
  8108 | D:7      | Reached skill level 10 in Armour
  8153 | D:8      | Noticed a two-headed ogre
  8154 | D:8      | Noticed lotte's ghost (novice DDBe)
  8415 | D:7      | Killed a two-headed ogre
  8415 | D:7      | Reached XP level 10. HP: 39/94 MP: 3/9
  9139 | D:8      | Killed lotte's ghost
  9139 | D:8      | Reached skill level 11 in Axes
 10072 | D:9      | Found a staircase to the Lair.
 10480 | D:9      | Noticed a two-headed ogre
 10491 | D:9      | Killed a two-headed ogre
 10668 | D:9      | Noticed a two-headed ogre
 10677 | D:9      | Killed a two-headed ogre
 10677 | D:9      | Reached skill level 12 in Axes
 10956 | D:10     | Entered Level 10 of the Dungeon
 10973 | D:10     | Reached XP level 11. HP: 95/104 MP: 8/10
 12311 | D:10     | Paralysed by a hornet for 3 turns
 12317 | D:10     | Paralysed by a hornet for 1 turns
 13593 | D:11     | Paralysed by a hornet for 1 turns
 13598 | D:11     | Reached skill level 13 in Axes
 14540 | D:12     | Found a staircase to the Orcish Mines.
 14617 | D:12     | Noticed a five-headed hydra
 14736 | Lair:1   | Entered Level 1 of the Lair of Beasts
 14824 | Lair:1   | Noticed an oklob plant
 15282 | Lair:1   | Received a gift from Trog
 16339 | Lair:2   | Reached skill level 14 in Axes
 16359 | Lair:2   | Found a hole to the Spider Nest.
 16543 | Lair:2   | Reached XP level 12. HP: 115/115 MP: 8/11
 16731 | Lair:2   | Noticed Fannar
 17729 | Lair:2   | Noticed Sonja
 17881 | Lair:2   | Killed Sonja
 17881 | Lair:2   | Reached skill level 15 in Axes
 18128 | Lair:2   | Killed Fannar
 18672 | Lair:3   | Received a gift from Trog
 18909 | Lair:3   | Got a crystal executioner's axe {god gift}
 18915 | Lair:3   | Identified the +5 executioner's axe "Lulek" {drain, *Corrode rPois rC++} (Trog gifted it to you on level 3 of the Lair of Beasts)
 19599 | Lair:3   | Reached skill level 16 in Axes
 19707 | Lair:3   | Found a staircase to the Swamp.
 20196 | Lair:4   | Reached skill level 1 in Shields
 20534 | Lair:4   | HP: 5/117 [komodo dragon (5)]
 20534 | Lair:4   | Slain by a hell rat

Skill      XL: |  1  2  3  4  5  6  7  8  9 10 11 12 |
---------------+-------------------------------------+-----
Fighting       | 4 5 6 7 8 10 12 13 14 | 14.3
Axes           | 4 5 6 7 8 10 12 14 16 | 16.0
Armour         | 3 4 5 6 8 10 11 12 14 | 14.1
Shields        | 1 |  1.7
Dodging        | |  2.1

Action                   |  1- 3 |  4- 6 |  7- 9 | 10-12 || total
-------------------------+-------+-------+-------+-------++-------
Melee: Hand axe          |    57 |   163 |   228 |       ||   448
       Headbutt          |     9 |    19 |    71 |   150 ||   249
       War axe           |       |       |    41 |   596 ||   637
       Executioner's axe |       |       |       |    60 ||    60
 Fire: Hunting sling     |       |     7 |    63 |    55 ||   125
Invok: Berserk           |     1 |     2 |     3 |     4 ||    10
       Burn Spellbooks   |     1 |       |     1 |     1 ||     3
  Use: Scroll            |       |     7 |     4 |    15 ||    26
       Potion            |       |     2 |       |     7 ||     9
 Stab: Sleeping          |       |       |     1 |       ||     1
  Eat: Chunk             |     1 |     8 |     7 |    16 ||    32
       Ration            |       |     1 |     3 |     9 ||    13
Armor: Scale mail        |    15 |    90 |    20 |       ||   125
       Chain mail        |       |       |   117 |   470 ||   587
       Ring mail         |       |       |     4 |       ||     4
Dodge: Dodged            |    25 |    86 |   151 |   294 ||   556
Block: Shield            |       |       |       |    16 ||    16
